[Event "44th Chess Olympiad Open 2022"]
[Site "Chennai"]
[Date "2022.08.05"]
[Round "7.10"]
[White "Supi, Luis Paulo"]
[Black "Adams, Michael"]
[Result "1/2-1/2"]
[ECO "C50"]
[WhiteElo "2603"]
[BlackElo "2696"]
[Annotator "TA"]
[PlyCount "63"]
[EventDate "2022.07.29"]
[EventType "team-tourn"]
[EventCountry "IND"]
[SourceTitle "playchess.com"]
[Source "ChessBase"]
[SourceQuality "1"]
[WhiteTeam "Brazil"]
[BlackTeam "England"]
[WhiteTeamCountry "BRA"]
[BlackTeamCountry "ENG"]
[TimeControl "40/5400+30:1800+30"]

1. e4 e5 2. Nf3 Nc6 3. Bc4 Bc5 4. d3 Nf6 5. Bg5 h6 6. Bh4 Be7 {[%emt 0:00:12] C50: Hungarian Defence and Giuoco Pianissimo.} 7. Bg3 d6 8. a4 O-O 9. h3 Kh8 10. O-O Nh7 11. Nc3 f5 12. exf5 Bxf5 13. Nd5 Nf6 14. Re1 Nxd5 15. Bxd5 Bf6 {[%emt 0:00:10] [#]} 16. c3 $146 ({Predecessor:} 16. a5 a6 17. c3 Rb8 18. Ra4 Ne7 19. Ba2 Bd7 20. Ra3 Bc6 21. d4 e4 22. Nh2 {1-0 (81) Godena,M (2508)-Plenca,J (2487) Le Castella 2018}) 16... a5 17. Qd2 Qd7 18. Rac1 Rae8 19. b4 b6 (19... Ne7 $5 20. Bxb7 Qxa4 $11) 20. b5 Ne7 21. Be4 Bxe4 22. Rxe4 Nf5 23. Bh2 Re7 24. Rce1 Qe8 25. Qa2 Qf7 26. Qxf7 Rexf7 27. Rc4 Kh7 28. Re2 Bd8 29. Rce4 Bf6 30. Rc4 Bd8 31. Rce4 Bf6 32. Rc4 {[%emt 0:00:17] A balanced but interesting game.  Weighted Error Value: White=0.04 (flawless) /Black=0.04 (flawless)} 1/2-1/2

[Event "44th Chess Olympiad Open 2022"]
[Site "Chennai"]
[Date "2022.08.05"]
[Round "7.10"]
[White "Mekhitarian, Krikor Sevag"]
[Black "Howell, David W L"]
[Result "0-1"]
[ECO "D88"]
[WhiteElo "2542"]
[BlackElo "2650"]
[Annotator "TA"]
[PlyCount "148"]
[EventDate "2022.07.29"]
[EventType "team-tourn"]
[EventCountry "IND"]
[SourceTitle "playchess.com"]
[Source "ChessBase"]
[SourceQuality "1"]
[WhiteTeam "Brazil"]
[BlackTeam "England"]
[WhiteTeamCountry "BRA"]
[BlackTeamCountry "ENG"]
[TimeControl "40/5400+30:1800+30"]

1. d4 Nf6 2. c4 g6 3. Nc3 d5 4. cxd5 Nxd5 5. e4 Nxc3 6. bxc3 Bg7 7. Bc4 c5 8. Ne2 Nc6 9. Be3 O-O 10. O-O cxd4 {[%emt 0:25:33] 10...Bg4 is a critical line.} 11. cxd4 e6 12. Rc1 {[%emt 0:09:29] D88: Exchange Grünfeld: Classical Line: 10 Be3 cxd4 11 cxd4.} Bd7 13. Qd2 Rc8 14. Rfd1 {[%emt 0:12:16] [#] The position is equal.} Qa5 $146 ({Predecessor:} 14... Qh4 15. f3 Qe7 16. Qb2 Na5 17. Bd3 Ba4 18. Re1 Rfd8 19. Rxc8 Rxc8 {½-½ (105) Parczewski,J (1800)-Gadzala,D (1800) Poland 2005}) 15. d5 Qxd2 16. Rxd2 exd5 17. Bxd5 Be6 18. f3 a6 19. Nf4 Bxd5 20. Nxd5 Rfe8 21. g4 f5 22. exf5 gxf5 23. g5 Kf7 24. Kf2 Ne5 25. Rxc8 Rxc8 26. Nb6 Rc6 27. Kg3 Ke6 28. Nd5 Nc4 29. Nf4+ Ke7 30. Re2 Kf7 31. Bc1 Be5 32. Kg2 Rd6 33. Rc2 b5 34. Ne2 Rc6 {[%emt 0:01:14][%cal Oc4e3] Threatens to win with ...Ne3+!} 35. Kf2 {[%emt 0:00:27] Inhibits Ne3.} a5 ({But not} 35... Bxh2 36. f4 $16) 36. Bf4 Bg7 37. Ng3 Rc5 38. Be3 Rd5 39. a4 (39. h4 $11) 39... Nxe3 $17 40. Kxe3 bxa4 {[%emt 0:00:41][%mdl 4096] Endgame KRB-KRN} 41. Ra2 a3 42. Rxa3 Bb2 $1 43. Rb3 Bc1+ 44. Kf2 Bxg5 45. Rb7+ Be7 $1 46. Ra7 Ke6 {[%emt 0:03:10] And now ...Bc5+ would win.} 47. Ke2 Bb4 48. Rxh7 a4 (48... Kd6 $1 $19 {and Black stays clearly on top. Strongly threatening ...a4.} 49. Ra7 Ke5) 49. Rh4 Rd2+ 50. Ke3 Rb2 {[%emt 0:00:10] ...a3 is the strong threat. Black is more active.} 51. Rh6+ $2 (51. Kd4 $17) 51... Kd5 $19 {[%emt 0:02:01] ( -> ...Bd2+)} 52. Ra6 a3 53. Nxf5 a2 {[%emt 0:01:12] Hoping for ...Rb3+.} 54. Kf4 (54. Nd4 $142 Kc4 55. Ra4) 54... Kc4 55. Ne3+ Kb3 56. h4 Ba3 57. Nc4 {[%emt 0:00:05] [#]} a1=Q $1 58. Rxa3+ Qxa3 59. Nxa3 Kxa3 {[%emt 0:00:07] KR-KPP} 60. h5 Kb4 61. h6 Kc5 62. Kf5 Kd6 63. Kf6 Rh2 64. Kg7 Ke7 $1 65. h7 Rg2+ 66. Kh6 {[%emt 0:00:26] [#]} Rh2+ $2 (66... Kf7 $1 {mates} 67. h8=Q Rh2+ 68. Kg5 Rxh8 69. Kf4 Re8 70. Kf5 Re7 71. Kg4 Kg6 72. Kf4 Kf6 73. Kg4 Ke5 74. f4+ Kf6 75. f5 Re4+ 76. Kg3 Kxf5 77. Kf3 Re5 78. Kg3 Re3+ 79. Kf2 Kf4 80. Kg2 Re2+ 81. Kf1 Kf3 82. Kg1 Re1+ 83. Kh2 Rc1 84. Kh3 Rh1#) 67. Kg7 $11 Rg2+ 68. Kh6 {[%emt 0:00:01] [#]} Kf7 $1 69. h8=N+ Kf6 70. Kh7 Rg7+ 71. Kh6 Rg3 {[%emt 0:00:07][%cal Rg3h3] Black mates.} 72. Kh7 Rxf3 73. Kg8 Rg3+ 74. Kf8 Rg7 {[%emt 0:00:08] Weighted Error Value: White=0.42/Black=0.13 (very precise)} 0-1

[Event "44th Chess Olympiad Open 2022"]
[Site "Chennai"]
[Date "2022.08.05"]
[Round "7.10"]
[White "Haria, Ravi"]
[Black "Diamant, Andre"]
[Result "0-1"]
[ECO "C42"]
[WhiteElo "2505"]
[BlackElo "2538"]
[Annotator "TA"]
[PlyCount "122"]
[EventDate "2022.07.29"]
[EventType "team-tourn"]
[EventCountry "IND"]
[SourceTitle "playchess.com"]
[Source "ChessBase"]
[SourceQuality "1"]
[WhiteTeam "England"]
[BlackTeam "Brazil"]
[WhiteTeamCountry "ENG"]
[BlackTeamCountry "BRA"]
[TimeControl "40/5400+30:1800+30"]

1. e4 e5 2. Nf3 Nf6 3. Nxe5 d6 4. Nf3 Nxe4 5. Bd3 Nf6 6. O-O {[%emt 0:00:52] C42: Petroff Defence: 3 Nxe5 and unusual White 3rd moves.} Be7 7. c3 O-O 8. Re1 {[%emt 0:00:09] The position is equal.} Bg4 {[%emt 0:05:25] [#]} 9. Be2 $146 ({Predecessor:} 9. Bc2 Re8 10. d4 Bf8 11. Be3 Nbd7 12. Nbd2 Nb6 13. h3 Bh5 14. c4 c6 15. Bd3 {1-0 (64) Bachmann,A (2645)-Saric,A (2540) Chess.com INT 2016}) 9... Nbd7 10. d4 c6 11. h3 Bh5 12. Bf4 Re8 13. Nbd2 d5 14. Ne5 Bxe2 15. Rxe2 Bf8 16. Qc2 Nxe5 17. dxe5 Nd7 18. Rae1 Nc5 19. Bg3 a5 20. Kh1 Qg5 21. c4 Rac8 22. Nf3 Qh5 23. cxd5 cxd5 24. Qd1 a4 25. Rd2 ({Much worse is} 25. Qxd5 Red8 26. Qc4 Nd3 27. Qxa4 Nxe1 28. Rxe1 Qf5 $15) 25... a3 26. bxa3 Ne4 27. Rc2 ({Reject} 27. Rxd5 Nc3 28. Qd4 Nxd5 29. Qxd5 b6 $15) 27... Rxc2 28. Qxc2 Bc5 29. Rd1 Qg6 30. Kh2 Nxf2 31. Qxg6 hxg6 32. Rxd5 Ne4 33. Bf4 Bxa3 34. Be3 Bf8 35. Rd7 b5 36. Rb7 b4 37. Bd4 Ra8 38. h4 Nc3 39. Bxc3 bxc3 $11 {[%emt 0:00:02][%mdl 4096] Endgame KRB-KRN} 40. Rc7 {[%emt 0:00:08] Inhibits Rc8.} Bb4 41. Kg3 Kf8 42. Rc4 Ba5 43. Kf4 Rb8 44. Rc5 (44. Ke4 $11 {keeps the balance.}) 44... Rb4+ $17 45. Kg3 Ra4 46. e6 (46. a3 $142) 46... fxe6 ({Weaker is} 46... Rxa2 47. exf7 Kxf7 48. Kf4 $17) 47. Ne5 Rxa2 {[%emt 0:01:58] White must now prevent ...c2.} 48. Nc6 Bc7+ 49. Kf3 {[%emt 0:00:18] [#]} Rf2+ $3 50. Kxf2 Bb6 51. Ke2 Bxc5 {[%emt 0:00:13] KB-KN} 52. Kd3 Bf2 (52... Bd6 $17 53. Nd4 Ke7) 53. Ne5 $15 g5 54. hxg5 Be1 55. Nf3 $2 {[%emt 0:00:51][%mdl 8192] [#] This costs White the game.} (55. g6 $15) 55... Bd2 $1 $19 56. Nd4 Kf7 {[%emt 0:00:40] Strongly threatening ...e5.} 57. g3 (57. Nb3 $142 Kg6 58. Nd4) 57... Bxg5 {[%emt 0:01:12] Black is clearly winning.} 58. Nf3 Bf6 59. g4 Kg6 60. Ke3 e5 61. g5 Bxg5+ {[%emt 0:02:51] Weighted Error Value: White=0.45/Black=0.14 (very precise)} 0-1

[Event "44th Chess Olympiad Open 2022"]
[Site "Chennai"]
[Date "2022.08.05"]
[Round "7.11"]
[White "Maghsoodloo, Parham"]
[Black "Smirnov, Anton"]
[Result "1-0"]
[ECO "D10"]
[WhiteElo "2701"]
[BlackElo "2600"]
[Annotator "TA"]
[PlyCount "43"]
[EventDate "2022.07.29"]
[EventType "team-tourn"]
[EventCountry "IND"]
[SourceTitle "playchess.com"]
[Source "ChessBase"]
[SourceQuality "1"]
[WhiteTeam "Iran"]
[BlackTeam "Australia"]
[WhiteTeamCountry "IRI"]
[BlackTeamCountry "AUS"]
[TimeControl "40/5400+30:1800+30"]

1. d4 {[%emt 0:00:02] ChessBase II} d5 2. c4 c6 3. e3 Bf5 4. Nc3 e6 5. f3 Nf6 6. g4 {[%emt 0:00:11] D10: Slav Defence: 3 cxd5 (without early Nf3) and 3 Nc3.} Bg6 7. h4 {[%emt 0:00:11] [#] Hoping for h5.} h6 {[%emt 0:06:16] [#]} 8. Nge2 $146 {[%emt 0:04:23] The position is equal.} ({Predecessor:} 8. h5 Bh7 9. Bd3 Bxd3 10. Qxd3 Nbd7 11. Nge2 a6 12. Bd2 dxc4 13. Qxc4 c5 14. Qb3 cxd4 15. exd4 {1-0 (33) Kozul,Z (2568)-Benitah,Y (2401) Aix les Bains 2011 CBM 142 Extra [ChessBase II]}) 8... Bd6 9. Qb3 b6 10. cxd5 exd5 (10... cxd5 $11 11. Nf4 Bh7) 11. Nf4 (11. Bd2 $16) 11... Bh7 $1 $14 12. Bd2 g5 (12... O-O $14) 13. Nfe2 {[%emt 0:03:31] White is more active.} ({White should play} 13. hxg5 $16 hxg5 14. Nfe2) 13... Qe7 {[%emt 0:09:03] Black cannot hold the game after this.} (13... Na6 $1 $14) 14. hxg5 $18 hxg5 {[%emt 0:00:07] [#]} 15. Bg2 $1 {[%emt 0:00:16][%cal Oe3e4] Black must now prevent e4!} Na6 16. e4 $1 Nd7 17. exd5 c5 $2 (17... O-O-O 18. Ne4 (18. dxc6 Ndc5 $18) 18... Bxe4 19. fxe4 Rxh1+ 20. Bxh1 Rh8) 18. Ne4 f6 19. Qd3 c4 $2 (19... Bxe4 20. Rxh8+ Kf7 21. fxe4 Rxh8 22. Qxa6 Rh2) 20. Qxc4 {[%emt 0:01:17] White is clearly winning.} Nc7 21. Nxd6+ Qxd6 22. Bb4 {[%emt 0:00:03] Weighted Error Value: White=0.18 (very precise) /Black=0.60} 1-0

[Event "44th Chess Olympiad Open 2022"]
[Site "Chennai"]
[Date "2022.08.05"]
[Round "7.11"]
[White "Idani, Pouya"]
[Black "Cheng, Bobby"]
[Result "1-0"]
[ECO "C21"]
[WhiteElo "2641"]
[BlackElo "2540"]
[Annotator "ChessBase"]
[PlyCount "79"]
[EventDate "2022.07.29"]
[EventType "team-tourn"]
[EventCountry "IND"]
[SourceTitle "playchess.com"]
[Source "ChessBase"]
[SourceQuality "1"]
[WhiteTeam "Iran"]
[BlackTeam "Australia"]
[WhiteTeamCountry "IRI"]
[BlackTeamCountry "AUS"]
[TimeControl "40/5400+30:1800+30"]

1. e4 e5 2. d4 exd4 3. Nf3 Bb4+ 4. c3 dxc3 5. Nxc3 Nf6 6. e5 Ne4 7. Qd4 Bxc3+ 8. bxc3 d5 9. Ba3 c5 10. Bxc5 Nc6 11. Bb5 Qa5 12. a4 Bd7 13. Bxc6 Bxc6 14. Bb4 Qa6 15. Nh4 O-O-O 16. Nf5 Kb8 17. f3 Ng5 18. Kf2 Ne6 19. Qe3 Qc4 20. Nd6 Qh4+ 21. g3 Qh5 22. h4 f6 23. g4 Qg6 24. h5 Qc2+ 25. Kg3 Ng5 26. exf6 gxf6 27. Rh2 Qb3 28. Nb5 a6 29. Qf4+ Ka8 30. Nc7+ Ka7 31. Bc5+ b6 32. Nb5+ Ka8 33. Qc7 Ne4+ 34. fxe4 Bxb5 35. axb5 Qxc3+ 36. Kh4 Qxa1 37. Qc6+ Kb8 38. Qxb6+ Kc8 39. Qc6+ Kb8 40. Ba7+ 1-0

[Event "44th Chess Olympiad Open 2022"]
[Site "Chennai"]
[Date "2022.08.05"]
[Round "7.11"]
[White "Kuybokarov, Temur"]
[Black "Tabatabaei, M. Amin"]
[Result "1/2-1/2"]
[ECO "C84"]
[WhiteElo "2583"]
[BlackElo "2664"]
[Annotator "TA"]
[PlyCount "105"]
[EventDate "2022.07.29"]
[EventType "team-tourn"]
[EventCountry "IND"]
[SourceTitle "playchess.com"]
[Source "ChessBase"]
[SourceQuality "1"]
[WhiteTeam "Australia"]
[BlackTeam "Iran"]
[WhiteTeamCountry "AUS"]
[BlackTeamCountry "IRI"]
[TimeControl "40/5400+30:1800+30"]

1. e4 e5 2. Nf3 Nc6 3. Bb5 a6 4. Ba4 Nf6 5. O-O Be7 6. d3 b5 7. Bb3 d6 8. a3 {[%emt 0:00:49] C84: Closed Ruy Lopez: Unusual White 6th moves.} Na5 9. Ba2 c5 10. Nc3 Be6 11. Nh4 Ra7 12. Nf5 Bxf5 13. exf5 {[%emt 0:00:04] [#]} d5 $146 ({Predecessor:} 13... Qd7 14. Qf3 Nc6 15. Be3 O-O 16. g4 Nd4 17. Bxd4 cxd4 18. Ne4 Nxe4 19. dxe4 Rc7 {½-½ (66) Martin Barcelo,C (2258)-Garcia Payas,A (1892) Salou 2021}) 14. Bg5 Rd7 15. Qe1 Nc6 (15... c4 $11) 16. f4 $14 h6 17. Bh4 (17. fxe5 hxg5 18. exf6 gxf6 $15) 17... exf4 18. Bxf6 ({Reject} 18. Rxf4 O-O $17) 18... gxf6 19. Ne2 O-O 20. Qh4 Kh7 21. Rae1 Rg8 22. Nxf4 Ne5 23. Re3 Rg4 24. Qh3 {[%emt 0:00:53][%cal Of4e6] next Ne6! is good for White.} Rg5 25. Rg3 Kg7 26. Qh4 (26. Re1 $5 ) 26... Kh7 27. Nh5 Qg8 28. Re1 Rxg3 29. hxg3 (29. Nxg3 $11 {was preferrable.} Qg5 30. Qxg5 hxg5 31. h3) 29... Qg5 $15 30. Nf4 d4 (30... c4 $5 31. d4 Ng4 $17) 31. Bd5 c4 32. Be4 Kg8 33. Nd5 ({White should try} 33. Kf1 $11) 33... Kf8 ({Better is} 33... Qd2 $15 34. Rf1 Kg7) 34. Qf4 Kg7 35. Kf1 Bd6 36. Qxg5+ hxg5 37. Ke2 a5 38. a4 (38. Ra1 $15) 38... bxa4 (38... cxd3+ $17 39. cxd3 bxa4) 39. Ra1 $1 cxd3+ 40. Bxd3 Rb7 (40... a3 $15 41. bxa3 Bc5) 41. Rxa4 $11 Rxb2 42. Rxa5 Nxd3 43. Kxd3 Bxg3 {[%emt 0:00:00][%mdl 4096] Endgame KRB-KRN} 44. Ra8 Rb1 45. Kxd4 Rg1 46. Ne7 Rxg2 (46... Re1 $1 $15 {is more appropriate.} 47. Rg8+ Kh7) 47. Rg8+ {[%emt 0:00:00] The position is equal.} Kh7 {[%emt 0:00:00] [#] Hoping for ...Re2.} 48. Rf8 Be5+ (48... Kg7 $5 49. Rg8+ Kh6 $11) 49. Ke4 Kg7 50. Rg8+ Kh7 {[%emt 0:00:00] Strongly threatening ...Bd6.} 51. Rf8 $1 Kg7 52. Rg8+ Kh7 {[%emt 0:00:00] [#] aiming for ...Bd6.} 53. Rf8 $1 {[%emt 0:00:00] Weighted Error Value: White=0.12 (very precise) /Black=0.10 (very precise)} 1/2-1/2

[Event "44th Chess Olympiad Open 2022"]
[Site "Chennai"]
[Date "2022.08.05"]
[Round "7.11"]
[White "Zhao, Zong-Yuan"]
[Black "Mousavi, Seyed Khalil"]
[Result "0-1"]
[ECO "E11"]
[WhiteElo "2513"]
[BlackElo "2537"]
[Annotator "TA"]
[PlyCount "96"]
[EventDate "2022.07.29"]
[EventType "team-tourn"]
[EventCountry "IND"]
[SourceTitle "playchess.com"]
[Source "ChessBase"]
[SourceQuality "1"]
[WhiteTeam "Australia"]
[BlackTeam "Iran"]
[WhiteTeamCountry "AUS"]
[BlackTeamCountry "IRI"]
[TimeControl "40/5400+30:1800+30"]

1. d4 Nf6 2. c4 e6 3. Nf3 Bb4+ 4. Nbd2 O-O 5. a3 Be7 6. e3 d5 7. b4 b6 {[%emt 0:06:16] E11: Bogo-Indian.} 8. Bb2 {[%emt 0:04:21] was the old line (8.c5).} Bb7 9. c5 Ne4 {[%emt 0:00:23] [#] The position is equal.} 10. Be2 $146 ({Predecessor:} 10. Bd3 f5 11. Rc1 c6 12. Ne5 Nxd2 13. Qxd2 Nd7 14. Nxd7 Qxd7 15. a4 bxc5 16. bxc5 {0-1 (77) Cerveny,M (2432)-Sanz Wawer,D (2103) Tallinn 2019}) 10... f5 11. Ne5 Nc6 12. Ndf3 bxc5 13. dxc5 a5 14. Nxc6 Bxc6 15. Ne5 Qe8 16. f3 (16. Nxc6 Qxc6 17. f3 Bh4+ 18. g3 Bf6 19. Bxf6 Nxf6 $11) 16... Ng5 17. Nxc6 Qxc6 18. Bd4 Nf7 (18... Qb7 $11 {remains equal.}) 19. b5 $16 Qd7 20. Rc1 e5 21. Bb2 Bg5 22. Qd2 f4 23. e4 Bh4+ 24. Kd1 d4 25. Bc4 Kh8 26. a4 Be7 (26... c6 $14) 27. Bd5 Rab8 28. Qxa5 Nd8 29. Qa7 Ne6 30. Ba3 (30. c6 Qd6 31. Qa5 (31. Bxe6 $2 Qxe6 32. Kc2 Qa2 $19) 31... Ra8 $17) 30... d3 31. Rc3 (31. c6 $6 Qe8 32. Bb2 (32. Bxe6 $2 Bxa3 33. Bb3 Bxc1 $19) (32. Bxe7 Qxe7 33. Qf2 Nd4 $15) 32... Qg6 $11) 31... Nd4 (31... Rfd8 $16 {was worth a try.}) 32. Rxd3 $18 Qc8 33. Kd2 Bh4 {[%emt 0:01:57] [#]} 34. Rxd4 $1 exd4 35. c6 {[%emt 0:00:20][%csl LRd4,LRf8][%cal Oa3d6] And now Bd6! would win.} Bf2 $2 {[%emt 0:04:05] [#]} (35... Re8 36. Qxd4 Qd8) 36. Qc5 (36. Bxf8 Qxf8 37. Rb1 (37. Qxc7 $2 Qb4+ 38. Ke2 Rf8 $19) 37... Be3+ 38. Kd1 Re8 $18) (36. Bd6 $142 $1 Qd8 (36... cxd6 37. c7) 37. Qxc7 (37. Bxf8 Qxf8 38. Rb1 Re8 $18)) 36... Rf6 37. Rf1 Be3+ 38. Kd3 Rg6 39. Qc2 Qd8 $2 (39... Ra8 40. Bc5 Rh6) 40. Bc5 (40. Rb1 $142 {[%cal Ob5b6] Black must now prevent b6!} Qe8 41. h4) 40... Rg5 $2 (40... Qh4) 41. Qa2 Qf6 {[%emt 0:31:06] Hoping for ...Qg6.} 42. Rc1 $4 Bxc1 $19 {[%emt 0:00:00] Black is clearly winning.} 43. a5 Rxb5 44. Qc4 Rb1 45. Bxd4 Qd6 {[%emt 0:00:00] Strongly threatening ...Be3.} 46. Bc5 {[%emt 0:00:00] Inhibits Be3.} Qd8 47. a6 Rxg2 {[%emt 0:00:00] ( -> ...Rd2+)} 48. a7 Rd2+ {[%emt 0:00:00] Weighted Error Value: White=0.67/Black=0.39} 0-1

[Event "44th Chess Olympiad Open 2022"]
[Site "Chennai"]
[Date "2022.08.05"]
[Round "7.12"]
[White "Berkes, Ferenc"]
[Black "Dragnev, Valentin"]
[Result "1-0"]
[ECO "D35"]
[WhiteElo "2649"]
[BlackElo "2557"]
[Annotator "RC"]
[PlyCount "107"]
[EventDate "2022.07.29"]
[EventType "team-tourn"]
[EventCountry "IND"]
[SourceTitle "playchess.com"]
[Source "ChessBase"]
[SourceQuality "1"]
[WhiteTeam "Hungary"]
[BlackTeam "Austria"]
[WhiteTeamCountry "HUN"]
[BlackTeamCountry "AUT"]
[TimeControl "40/5400+30:1800+30"]

1. d4 Nf6 2. Nf3 d5 3. c4 e6 4. cxd5 exd5 5. Nc3 h6 6. Bf4 Bd6 7. Bxd6 Qxd6 8. Qc2 O-O 9. e3 Be6 10. Bd3 Nbd7 11. O-O Rac8 12. h3 Rfe8 13. Rfd1 c6 14. Rac1 Qe7 15. b3 Nf8 16. Ne2 Rc7 17. Qc5 a6 18. Qxe7 Rexe7 19. a4 Ne8 20. Nf4 Nd6 21. g4 g5 22. Nxe6 Nxe6 23. Kg2 f6 24. h4 Rg7 25. hxg5 hxg5 26. Rh1 Kf7 27. Ng1 Nf8 28. Ne2 Ng6 29. Ng3 Nh4+ 30. Kf1 Rg8 31. Ke2 Rcc8 32. f3 Rh8 33. Rh2 Nhf5 34. Rxh8 Nxg3+ 35. Kf2 Nge4+ 36. fxe4 Rxh8 37. exd5 cxd5 38. Rc7+ Ke6 39. Bh7 Rb8 40. Kf3 f5 41. Bxf5+ Nxf5 42. gxf5+ Kxf5 43. Re7 Kf6 44. Re5 Rd8 45. Kg4 a5 46. Rxg5 Rd7 47. Kf4 Rd8 48. Rh5 Kg6 49. Rf5 Rd6 50. Rg5+ Kf6 51. Rh5 Kg6 52. Rf5 Rd8 53. e4 dxe4 54. Kxe4 1-0

[Event "44th Chess Olympiad Open 2022"]
[Site "Chennai"]
[Date "2022.08.05"]
[Round "7.12"]
[White "Ragger, Markus"]
[Black "Erdos, Viktor"]
[Result "0-1"]
[ECO "B30"]
[WhiteElo "2647"]
[BlackElo "2586"]
[Annotator "RC"]
[PlyCount "80"]
[EventDate "2022.07.29"]
[EventType "team-tourn"]
[EventCountry "IND"]
[SourceTitle "playchess.com"]
[Source "ChessBase"]
[SourceQuality "1"]
[WhiteTeam "Austria"]
[BlackTeam "Hungary"]
[WhiteTeamCountry "AUT"]
[BlackTeamCountry "HUN"]
[TimeControl "40/5400+30:1800+30"]

1. e4 c5 2. Nf3 Nc6 3. Bb5 e6 4. O-O Nge7 5. Re1 Ng6 6. c3 d5 7. h4 dxe4 8. Rxe4 Bd6 9. Bxc6+ bxc6 10. h5 Ne7 11. d4 Nf5 12. Na3 cxd4 13. cxd4 Be7 14. Bf4 Bb7 15. Qb3 Qc8 16. Ree1 O-O 17. Rac1 Rd8 18. Be5 Rd5 19. Nc4 Qd7 20. Bh2 Rb5 21. Qd3 Rd8 22. a4 Rd5 23. Qb3 Ba8 24. Nce5 Qe8 25. Rc4 c5 26. dxc5 Rxc5 27. Rxc5 Bxc5 28. Rc1 Bb6 29. Bf4 Bd5 30. Qa3 f6 31. a5 Bd4 32. Nxd4 Nxd4 33. Qe3 fxe5 34. Bxe5 Nc6 35. h6 Qg6 36. Bg3 Qxh6 37. Qc5 Qd2 38. Bh4 Rf8 39. Rc3 Qd1+ 40. Kh2 Qg4 0-1

[Event "44th Chess Olympiad Open 2022"]
[Site "Chennai"]
[Date "2022.08.05"]
[Round "7.12"]
[White "Kantor, Gergely"]
[Black "Horvath, Dominik"]
[Result "1-0"]
[ECO "C82"]
[WhiteElo "2582"]
[BlackElo "2488"]
[Annotator "ChessBase"]
[PlyCount "83"]
[EventDate "2022.07.29"]
[EventType "team-tourn"]
[EventCountry "IND"]
[SourceTitle "playchess.com"]
[Source "ChessBase"]
[SourceQuality "1"]
[WhiteTeam "Hungary"]
[BlackTeam "Austria"]
[WhiteTeamCountry "HUN"]
[BlackTeamCountry "AUT"]
[TimeControl "40/5400+30:1800+30"]

1. e4 e5 2. Nf3 Nc6 3. Bb5 a6 4. Ba4 Nf6 5. O-O Nxe4 6. d4 b5 7. Bb3 d5 8. dxe5 Be6 9. c3 Bc5 10. Nbd2 O-O 11. Bc2 Nxf2 12. Rxf2 Bxf2+ 13. Kxf2 f6 14. exf6 Qxf6 15. Nf1 Ne5 16. Be3 Rae8 17. Bc5 Qh4+ 18. Kg1 Rxf3 19. gxf3 Qh5 20. Ng3 Nxf3+ 21. Kf2 Qxh2+ 22. Kxf3 h5 23. Bf5 h4 24. Qg1 Qxb2 25. Re1 Qxc3+ 26. Qe3 Qxe3+ 27. Rxe3 Kf7 28. Nh5 d4 29. Bxe6+ Rxe6 30. Rxe6 Kxe6 31. Ke4 g5 32. Ng7+ Kd7 33. Nf5 Kc6 34. Kxd4 h3 35. Bb4 Kb6 36. Kd5 h2 37. Ng3 c6+ 38. Kd4 a5 39. Be7 g4 40. Bd8+ Ka6 41. Kc5 b4 42. Kc4 1-0

[Event "44th Chess Olympiad Open 2022"]
[Site "Chennai"]
[Date "2022.08.05"]
[Round "7.12"]
[White "Blohberger, Felix"]
[Black "Banusz, Tamas"]
[Result "0-1"]
[ECO "B30"]
[WhiteElo "2492"]
[BlackElo "2611"]
[Annotator "ChessBase"]
[PlyCount "132"]
[EventDate "2022.07.29"]
[EventType "team-tourn"]
[EventCountry "IND"]
[SourceTitle "playchess.com"]
[Source "ChessBase"]
[SourceQuality "1"]
[WhiteTeam "Austria"]
[BlackTeam "Hungary"]
[WhiteTeamCountry "AUT"]
[BlackTeamCountry "HUN"]
[TimeControl "40/5400+30:1800+30"]

1. e4 c5 2. Nf3 Nc6 3. Bb5 e6 4. O-O Nge7 5. d4 cxd4 6. Nxd4 Ng6 7. Be2 Be7 8. c4 O-O 9. Nc3 b6 10. Be3 Bb7 11. f3 Nxd4 12. Bxd4 Qc7 13. Nb5 Qb8 14. Bf2 Nf4 15. Bg3 a6 16. Nc3 Bd6 17. Kh1 Rd8 18. Qd2 Be5 19. Rfd1 Nxe2 20. Bxe5 Qxe5 21. Qxe2 Bc6 22. a4 Rab8 23. Rd2 Qc5 24. Qd3 h6 25. h3 d6 26. Rad1 Qb4 27. Qe2 Bxa4 28. Nxa4 Qxa4 29. e5 b5 30. cxb5 Qxb5 31. Qxb5 Rxb5 32. exd6 Rb6 33. d7 Kf8 34. Rc1 Rb7 35. Rc6 Rdxd7 36. Rxd7 Rxd7 37. Rxa6 Rb7 38. Ra2 Ke7 39. Kg1 Kf6 40. Kf2 e5 41. Ke3 Kg5 42. Kd3 f5 43. Kc4 Kf4 44. b4 e4 45. fxe4 fxe4 46. b5 e3 47. Rb2 Rd7 48. b6 Ke4 49. Ra2 Rd1 50. Kc3 Rc1+ 51. Rc2 Rb1 52. Rb2 Rxb2 53. Kxb2 e2 54. b7 e1=Q 55. b8=Q Qd2+ 56. Ka3 Qc3+ 57. Ka2 Ke3 58. Qg3+ Kd2 59. Qf2+ Kd1 60. Qg1+ Qe1 61. Qh2 Qf2+ 62. Ka1 Qd4+ 63. Ka2 Ke1 64. Kb3 Kf2 65. g4+ Kf3 66. Ka3 Qe3+ 0-1